Unix NetHack Version 3.7.0-95 Work-in-progress - last build Jan 1 2024 20:51:50 (6a0ccc5fa2390e420dd2d488a2f9488d2ae3a63b,branch:master). Game began 2024-01-07 08:29:13, ended 2024-01-07 08:34:59. elenmirie, lawful female human Knight ------- -------- |.....| ------- #....`..| |......# |.....| #|.......# |.....|##### |.....| #|...`..|# ##-.....-########## |......####--------# # |.....| ####0 #--------- |.....| # # |.....| # #........-# |...).| # ## ------- # |.>.....|# -.----- # # ###........|# #### ## # ---------# ### ## # -------- ## # # ############### |........ # # ### # # # # |...{..r.|# ## -----------.-|-- ---.-- |........d@ ###................ .....| |..>.....| |..............| |...<| --------- |..............| .....| |............... ------ ---------------- Elenmirie the Gallant St:15 Dx:9 Co:11 In:8 Wi:15 Ch:18 Lawful Dlvl:3 $:42 HP:0(21) Pw:15(15) AC:3 Xp:2/36 T:1185 Burdened Latest messages: You fall down the stairs. You see here a battle-axe. You hear crashing rock. You hear crashing rock. You see here a chest. You climb up the stairs. With great effort you move the boulder. You have a little trouble lifting $ - 7 gold pieces (42 in total). Ouch! You bump into a door. This door is locked. Unlock it with your lock pick? [ynq] (q) y You succeed in picking the lock. The door resists! The door resists! The door opens. You find a hidden door. You hear bubbling water. The door resists! The door opens. You hear someone cursing shoplifters. You swap places with Arod. You find a hidden door. The door opens. You miss the coyote. The coyote bites! You miss the coyote. The coyote just misses! The coyote just misses! You hit the coyote! The coyote bites! You kill the coyote! The coyote misses! You miss the coyote. The coyote bites! You miss the coyote. The coyote bites! The coyote bites! You miss the coyote. The coyote bites! You miss the coyote. The coyote bites! You hit the coyote. The coyote bites! The coyote bites! You die... Do you want your possessions identified? [ynq] (y) y Do you want to see your attributes? [ynq] (y) y Do you want an account of creatures vanquished? [ynaq] (y) y Do you want to see your conduct and achievements? [ynq] (y) y Do you want to see the dungeon overview? [ynq] (y) y Inventory: Coins $ - 42 gold pieces Weapons a - an uncursed +1 long sword (weapon in right hand) b - an uncursed +1 lance (alternate weapon; not wielded) Armor d - an uncursed +0 helmet (being worn) f - an uncursed +0 pair of leather gloves (being worn) n - an uncursed +0 small shield (being worn) c - an uncursed +1 ring mail (being worn) Comestibles g - 11 uncursed apples h - 11 uncursed carrots j - an uncursed food ration Scrolls o - an uncursed scroll of enchant weapon k - an uncursed scroll of light Potions i - an uncursed potion of confusion m - 2 uncursed potions of healing l - an uncursed potion of object detection Rings r - a cursed ring of hunger Tools s - a cursed bag of tricks (0:3) e - an uncursed lock pick Elenmirie the Knight's attributes: Background: You were a Gallant, a level 2 female human Knight. You were lawful, nominally on a mission for Lugh who was opposed by Brigit (neutral) and Manannan Mac Lir (chaotic). You were right-handed. You were in the Dungeons of Doom, on level 3. You entered the dungeon 1185 turns ago. You had 36 experience points, 4 more were needed to attain level 3. Basics: You had 0 out of 21 hit points. You had all 15 energy points (spell power). Your armor class was 3. Your wallet contained 42 zorkmids. Autopickup was on for '$' plus thrown. Final Characteristics: Your strength was 15 (limit:18/100). Your dexterity was 9 (limit:18). Your constitution was 11 (limit:18). Your intelligence was 8 (limit:18). Your wisdom was 15 (limit:18). Your charisma was 18 (limit:18). Final Status: You weren't hungry. You were burdened; movement was slightly slowed. You were wielding a long sword. You had basic skill with long sword. Final Attributes: You were devoutly aligned. You could jump. You were warded. You are dead. Miscellaneous: You never encountered a bones level. Total elapsed playing time was 5 minutes and 39 seconds. Major events: Turn 1: elenmirie the lawful female human Knight entered the dungeon 1034: entered the Gnomish Mines 1185: killed by a coyote Vanquished creatures: a coyote a yellow mold 2 geckos 3 jackals 4 goblins a sewer rat 2 grid bugs a bat 5 newts 20 creatures vanquished. No species were genocided or became extinct. Voluntary challenges: You were an atheist. You read items or engraved 1 time. You never engraved Elbereth. You never genocided any monsters. You never polymorphed an object. You never changed form. You used no wishes. Achievement: You entered the Gnomish Mines. The Dungeons of Doom: levels 1 to 3 Level 1: A fountain, a sink, a grave. Level 2: Level 3: <- You were here. A fountain. Stairs down to The Gnomish Mines. Final resting place for you, killed by a coyote. The Gnomish Mines: Level 4: Game over: ---------- / \ / REST \ / IN \ / PEACE \ / \ | elenmirie | | 42 Au | | killed by a | | coyote | | | | | | 2024 | *| * * * | * _________)/\\_//(\/(/\)/\//\/|_)_______ Fare thee well elenmirie the Knight... You died in The Dungeons of Doom on dungeon level 3 with 342 points, and 42 pieces of gold, after 1185 moves. You were level 2 with a maximum of 21 hit points when you died.